 Dungeon Crawl Stone Soup version 0.29-a0-284-gf9362112df (webtiles) character file.

Game seed: 13454942593901084147

33 spaghetti the Poker (level 3, 30/30 HPs)
             Began as a Demigod Fighter on Mar 20, 2022.
             Quit the game on level 1 of the Dungeon.
             The game lasted 00:01:02 (923 turns).

spaghetti the Poker (Demigod Fighter)                Turns: 923, Time: 00:01:02

Health: 30/30      AC:  6    Str: 16 (17) XL:     3   Next: 0%
Magic:  5/5        EV:  8    Int:  8 (10) God:
Gold:   80         SH:  5    Dex: 15 (17) Spells: 2/2 levels left

rFire   . . .      SeeInvis .   a - +1 trident {polearm}
rCold   . . .      Faith    .   c - +0 buckler
rNeg    . . .      Spirit   .   b - +0 scale mail
rPois   .          Reflect  .   (no helmet)
rElec   .          Harm     .   (no cloak)
rCorr   .          Rampage  .   (no gloves)
Will    .....                   (no boots)
Stlth   ..........              (no amulet)
HPRegen 0.10/turn               (no ring)
MPRegen 0.09/turn               (no ring)

@: no status effects
A: high MP 1, forlorn, divine attributes
a: no special abilities


You were on level 1 of the Dungeon.
You visited 1 branch of the dungeon, and saw 1 of its levels.

You collected 80 gold pieces.


Innate Abilities, Weirdness & Mutations

You have an increased reservoir of magic. (+10% MP)
You shall have no god before yourself.
Your divine heritage dramatically boosts your attributes as you level up.


   Skills:
 - Level 2.6 Fighting
 + Level 3.3 Polearms
 - Level 2.6 Armour
 - Level 2.6 Shields


You had 2 spell levels left.
You didn't know any spells.
Your spell library was empty.

Inventory:

Hand Weapons
 a - a +1 trident (weapon) {polearm}
Missiles
 f - 3 poisoned darts (quivered) {throwing}
 h - 42 stones {throwing}
Armour
 b - a +0 scale mail (worn)
 c - a +0 buckler (worn)
Potions
 d - a potion of might
 e - a potion of attraction {unknown}
 g - a potion of curing {unknown}

Dungeon Overview and Level Annotations

Branches:
Dungeon (1/15)

.... +.......#
.#########.......#
......... ... ...##
#....K# ..#.#...#
#@###.#.#...#
#.......#...# ###
.######..###...####..
>......รท.............
..#####..#.########.#
#..####...#.#......#.#
#.....................
##+####.)##.#.####....
#...# #..)..#+####....


You could see a kobold.


Message History

A goblin is nearby! ๐Ÿ˜• HP[+1]
A kobold comes into view. It is wielding a +0 whip.
The kobold throws a stone.
The stone hits you.
You see here 3 gold pieces. ๐Ÿ˜ฎ HP[-2]
You take 2 damage, and now have 18/25 hp.
You now have 67 gold pieces (gained 3).
There are monsters nearby!
The goblin hits you but does no damage.
You hit the goblin. The goblin hits you with a +0 club.
The kobold throws a stone.
The stone hits you but does no damage. ๐Ÿ˜ฎ HP[-1]
You take 1 damage, and now have 17/25 hp.
You hit the goblin but do no damage. The goblin hits you but does no damage.
You barely miss the goblin. The goblin closely misses you.
You block the kobold's attack.
You closely miss the goblin. You block the goblin's attack.
The kobold hits you but does no damage. The goblin hits you with a +0 club.
The kobold hits you with a +0 whip.
* * * LOW HITPOINT WARNING * * *
๐Ÿ˜จ HP[-5]
You take 5 damage, and now have 12/25 hp.
You closely miss the kobold. The goblin closely misses you.
The kobold hits you with a +0 whip.
* * * LOW HITPOINT WARNING * * *
๐Ÿ˜จ HP[-3]
You take 3 damage, and now have 9/25 hp.
You completely miss the goblin. The goblin hits you but does no damage.
The kobold closely misses you.
You puncture the goblin!
You kill the goblin!
The kobold hits you but does no damage.
You puncture the kobold!
You kill the kobold!
h - 19 stones {throwing} (gained 2)
You see here a +0 whip {mace}.
You start resting.
You see here a +0 club {mace}.
Found a faded altar of an unknown god.
h - 42 stones {throwing} (gained 23) ๐Ÿ˜Ž HP[+16]
Your hp is fully restored (25).
Key pressed, stopping explore.
i - a smoky orange potion You now have 73 gold pieces (gained 6).
You open the door.
A hobgoblin comes into view.
The hobgoblin shouts!
You aren't carrying any scrolls.
Unknown command.
It was a potion of degeneration.
There was something very wrong with that liquid.
You feel weakened.
You feel dopey.
You feel clumsy.
Unknown command.
There is an open door here.
The hobgoblin closely misses you.
A goblin comes into view. It is wielding a +0 dagger.
You hit the hobgoblin but do no damage. You block the hobgoblin's attack.
You closely miss the hobgoblin.
The hobgoblin hits you but does no damage.
The hobgoblin barely misses you.
You hit the hobgoblin. The hobgoblin closely misses you.
You hit the hobgoblin. The hobgoblin hits you. ๐Ÿ˜• HP[-3]
You take 3 damage, and now have 22/25 hp.
You hit the hobgoblin.
You kill the hobgoblin!
The goblin barely misses you.
You hit the goblin.
You kill the goblin!
You have reached level 3!
Your experience leads to a dramatic increase in your attributes!
Your base attributes are Str 17, Int 10, Dex 13.
Increase (S)trength, (I)ntelligence, or (D)exterity?
You feel agile. x4 ๐Ÿ˜• HP[+5] MP[+1]
You now have 30 max hp (+5).
You regained 5 hp, and now have 27/30 hp.
Your mp is fully restored (5).
Things that are here:
a +0 dagger {short}; a goblin corpse; ๐Ÿ˜Ž HP[+3]
Your hp is fully restored (30).
You open the door.
i - a scroll labelled LEHAFI SILLU
As you read the scroll labelled LEHAFI SILLU, it crumbles to dust.
It is a scroll of enchant weapon.
Your +0 trident {polearm} glows red for a moment.
You open the door.
There is an open door here.
You now have 80 gold pieces (gained 7).
Key pressed, stopping explore.
As you open the door, it creaks loudly!
There is an open door here.
There is an open door here.
You see here a bat skeleton.
A kobold comes into view. It is wielding a +0 dagger.
The kobold throws a stone.
The stone hits you but does no damage. You block the kobold's attack.
Are you sure you want to abandon this character and quit the game? (Confirm with "yes".)

Skill      XL: |  1  2 |
---------------+-------+-----
Polearms       | 2 3 |  3.3
Fighting       | |  2.6
Armour         | |  2.6
Shields        | |  2.6

Action                   || total
-------------------------++-------
Melee: Trident           ||    46
  Use: Potion            ||     1
       Scroll            ||     1
Armor: Scale mail        ||    21
Dodge: Dodged            ||    23
Block: Buckler           ||    12

Levels and vault maps discovered:
D:1:      pf_arrival_petrified_forest, layout_basic, basic_ecumenical_altar,
          serial_corexii_hall, corexii_hall_statues_s, chequers_hall_statues_y

Notes
Turn   | Place    | Note
-------+----------+-------------------------------------------
     0 | D:1      | spaghetti the Demigod Fighter began the quest for the Orb.
     0 | D:1      | Reached XP level 1. HP: 18/18 MP: 3/3
     0 | D:1      | magus.rc [v1.9.6]
   108 | D:1      | Reached skill level 2 in Polearms
   153 | D:1      | Reached XP level 2. HP: 25/25 MP: 4/4
   168 | D:1      | HP: 5/25 [gnoll/+0 flail (2)]
   172 | D:1      | Reached skill level 3 in Polearms
   816 | D:1      | Reached XP level 3. HP: 27/30 MP: 5/5
   923 | D:1      | Quit the game

Vanquished Creatures
  2 gnolls (D:1)
  An endoplasm (D:1)
  2 giant cockroaches (D:1)
  3 goblins (D:1)
  2 hobgoblins (D:1)
  A bat (D:1)
  A frilled lizard (D:1)
  A kobold (D:1)
13 creatures vanquished.

Table legend:
 A = Non-vault XP
 B = Vault XP
 C = Vault XP percentage of total XP
 D = Non-vault monster count
 E = Vault monster count
 F = Vault count percentage of total count
                 A         B        C        D         E       F
            +---------+---------+-------+---------+---------+-------
      Total |      48 |       0 |   0.0 |      13 |       0 |   0.0
            +---------+---------+-------+---------+---------+-------
        D:1 |      48 |       0 |   0.0 |      13 |       0 |   0.0
            +---------+---------+-------+---------+---------+-------

Illustrated notes

Table legend:
 A = Kills in this place as a percentage of kills in entire the game.
 B = Kills by you in this place as a percentage of kills by you in the entire game.
 C = Kills by friends in this place as a percentage of kills by friends in the entire game.
 D = Other kills in this place as a percentage of other kills in the entire game.
 E = Experience gained in this place as a percentage of experience gained in the entire game.
 F = Experience gained in this place divided by the number of levels of this place that you have seen.
                   A       B       C       D       E      F
               +-------+-------+-------+-------+-------+----------------------
         Total | 100.0 | 100.0 |   N/A |   N/A | 100.0 |  48.0
       Dungeon | 100.0 | 100.0 |   N/A |   N/A | 100.0 |  48.0
               +-------+-------+-------+-------+-------+----------------------

Table legend: (Time is in decaauts)
 A = Elapsed time spent in this place.
 B = Non-inter-level travel time spent in this place.
 C = Inter-level travel time spent in this place.
 D = Time resting spent in this place.
 E = Time spent auto-exploring this place.
 F = Levels seen in this place.
 G = Mean time per level.
                   A        B        C        D        E       F      G
               +--------+--------+--------+--------+--------+-----+--------+
         Total |    931 |    931 |      0 |    444 |    366 |   1 |  931.0 |
       Dungeon |    931 |    931 |      0 |    444 |    366 |   1 |  931.0 |
               +--------+--------+--------+--------+--------+-----+--------+

Top non-repeatable levels by time:
     D:1: 931 daAuts
